 Dungeon Crawl Stone Soup version 0.27-a0-1196-g3e9cee4cb2 (webtiles) character file.

Game seed: 14775296676656873056

263 Tocho the Magician (level 6, 0/43 HPs)
             Began as a Djinni Fire Elementalist on May 30, 2021.
             Slain by Grinder (3 damage)
             ... on level 3 of the Dungeon.
             The game lasted 00:07:22 (4189 turns).

Tocho the Magician (Djinni Fire Elementalist)       Turns: 4189, Time: 00:07:23

Health: 0/43       AC:  2    Str:  9    XL:     6   Next: 42%
Gold:   54         EV: 13    Int: 16    God:
                   SH:  0    Dex: 14

rFire    + + .     SeeInvis .   d - +0 short sword
rCold    x . .     Faith    .   (no shield)
rNeg     . . .     Spirit   .   a - +0 robe
rPois    ∞         Reflect  .   (no helmet)
rElec    .         Harm     .   (no cloak)
rCorr    .         Rampage  .   (no gloves)
Will     .....                  (boots unavailable)
Stlth    ++........             (no amulet)
HPRegen  0.14/turn              (no ring)
MPRegen  0.00/turn              (no ring)

@: flying
A: sickness immunity, fire resistance 2, cold vulnerability 1, float, innate
caster, hp casting, extra vitality 1
a: no special abilities


You were on level 3 of the Dungeon.
You visited 1 branch of the dungeon, and saw 3 of its levels.

You collected 54 gold pieces.

Inventory:

Hand Weapons
 d - a +0 short sword (weapon)
Missiles
 c - 27 bolts
Armour
 a - a +0 robe (worn)
Wands
 j - a wand of flame (19)
Scrolls
 b - a scroll of immolation
 e - a scroll of acquirement {unknown}
 g - 4 scrolls of identify {unknown}
 h - a scroll of enchant armour {unknown}
 i - a scroll of amnesia {unknown}


   Skills:
 * Level 2.1 Fighting
 + Level 1.4 Short Blades
 * Level 2.1 Armour
 + Level 3.0 Dodging
 + Level 2.1 Stealth
 + Level 3.6 Spellcasting


You couldn't memorise any spells.
You knew the following spells:

 Your Spells              Type           Power      Damage    Failure   Level
a - Foxfire               Conj/Fire      56%        2x1d6     3%          1
b - Conjure Flame         Conj/Fire      14%        6-21      12%         3
c - Inner Flame           Hex/Fire       14%        N/A       12%         3
d - Sticky Flame          Conj/Fire      14%        2d4       36%         4
e - Fireball              Conj/Fire      7%         3d5       71%         5
f - Shock                 Conj/Air       56%        1d6       3%          1
g - Poisonous Vapours     Pois/Air       28%        N/A       6%          2
Your spell library was empty.

Dungeon Overview and Level Annotations

Branches:
Dungeon (3/15)

Altars:

Shops:
D:1 ![!

Annotations:
D:3 Grinder


Innate Abilities, Weirdness & Mutations

You are immune to sickness and miasma.
You are immune to poison.
Your flesh is very heat resistant. (rF++)
You are vulnerable to cold. (rC-)
You float through the air rather than walking.
You learn spells naturally, not from books.
Your magical power is your life essence.
You have superior vitality. (+4 HP)


Message History

Grinder is heavily wounded.
Grinder misses you.
Casting: Foxfire (safe; 3% risk of failure)
Press: ? - help, Q - select action, (/) - cycle Dir - look around, f - activate You conjure some foxfire!
The foxfire hits Grinder.
Grinder completely resists.
Grinder is heavily wounded.
The foxfire hits Grinder but does no damage.
Grinder is heavily wounded.
Grinder gestures at you. You resist with some effort.
Casting: Foxfire (safe; 3% risk of failure)
Press: ? - help, Q - select action, (/) - cycle Dir - look around, f - activate You conjure some foxfire!
The foxfire hits Grinder but does no damage.
Grinder is heavily wounded.
The foxfire hits Grinder.
Grinder resists.
Grinder is heavily wounded.
Grinder hits you.
Casting: Foxfire (safe; 3% risk of failure)
Press: ? - help, Q - select action, (/) - cycle Dir - look around, f - activate You conjure some foxfire!
The foxfire hits Grinder.
Grinder completely resists.
Grinder is heavily wounded.
The foxfire hits Grinder but does no damage.
Grinder is heavily wounded.
Grinder says, "You look like you could use a good racking."
Grinder misses you.
Casting: Foxfire (safe; 3% risk of failure)
Press: ? - help, Q - select action, (/) - cycle Dir - look around, f - activate You conjure some foxfire!
* * * LOW HITPOINT WARNING * * *
The foxfire hits Grinder.
Grinder resists.
Grinder is heavily wounded.
The foxfire hits Grinder.
Grinder completely resists.
Grinder is heavily wounded.
Grinder hits you!
* * * LOW HITPOINT WARNING * * *
You writhe in agony.
You die...

#...# #...# #
#...### ####.
#.....# .....
##...#.#
......+....#.#
......#..).#.#
......v5v.#..#
###.#.@#.#.######
#§.#..<.....#
##########..# #


You could see Grinder (resistant, ally target).

Vanquished Creatures
  Sigmund (D:2)
  Terence (D:2)
  A hound skeleton (D:2)
  3 gnolls (D:2)
  A worm (D:2)
  A dart slug (D:1)
  A bat (D:1)
  5 endoplasms
  2 giant cockroaches
  A hobgoblin (D:1)
  2 jackals (D:2)
  5 ball pythons
  5 frilled lizards
  4 goblins
  4 kobolds
  4 rats
41 creatures vanquished.

Vanquished Creatures (others)
  203 foxfires
203 creatures vanquished.

Grand Total: 244 creatures vanquished

Notes
Turn   | Place    | Note
-------+----------+-------------------------------------------
     0 | D:1      | Tocho the Djinni Fire Elementalist began the quest for the
                  | Orb.
     0 | D:1      | Reached XP level 1. HP: 15/15 MP: 0/0
     8 | D:1      | Found a faded altar of an unknown god.
   217 | D:1      | Found Qish's Distillery.
   487 | D:1      | Reached XP level 2. HP: 15/21 MP: 0/0
   591 | D:1      | Found Xuopreq's Antique Armour Emporium.
   626 | D:1      | Found Veczob's Distillery.
  1487 | D:1      | Reached XP level 3. HP: 19/26 MP: 0/0
  1487 | D:1      | Learned a level 1 spell: Shock
  1792 | D:2      | Reached skill level 1 in Fighting
  1792 | D:2      | Reached skill level 1 in Armour
  2285 | D:2      | Noticed Sigmund
  2293 | D:2      | Killed Sigmund
  2294 | D:2      | Reached skill level 1 in Short Blades
  2294 | D:2      | Reached XP level 4. HP: 22/33 MP: 0/0
  2294 | D:2      | Reached XP level 5. HP: 25/38 MP: 0/0
  2294 | D:2      | Learned a level 2 spell: Poisonous Vapours
  2294 | D:2      | Reached XP level 6. HP: 29/43 MP: 0/0
  2737 | D:2      | Noticed Terence
  3494 | D:2      | Killed Terence
  4174 | D:3      | Noticed Grinder
  4189 | D:3      | Slain by Grinder

Illustrated notes

Levels and vault maps discovered:
D:1:      dpeg_arrival_tiny_i, layout_rooms, serial_shops, shop,
          nicolae_shop_statue_plus, nicolae_shop_waterfront,
          hellmonk_ecumenical_altar_blasted, minmay_splitting_lines,
          minmay_tetromino_s2
D:2:      layout_basic, uniq_terence, uniq_sigmund
D:3:      layout_basic, overflow_temple_1_default, gammafunk_ghost_icy,
          minmay_misc_feat_hallway, uniq_grinder, uniq_jessica, uniq_ijyb

Skill      XL: |  1  2  3  4  5  6 |
---------------+-------------------+-----
Spellcasting   | 3 |  3.6
Fighting       | 1 2 |  2.1
Armour         | 1 2 |  2.1
Short Blades   | 1 |  1.4
Stealth        | 2 |  2.1
Dodging        | 3 |  3.0

Action                   |  1- 3 |  4- 6 || total
-------------------------+-------+-------++-------
Melee: Short sword       |    56 |    48 ||   104
 Cast: Foxfire           |    52 |    65 ||   117
  Use: Potion            |       |     1 ||     1
 Stab: Sleeping          |     1 |     3 ||     4
Armor: Robe              |    12 |     8 ||    20
Dodge: Dodged            |    38 |    54 ||    92

Table legend: (Time is in decaauts)
 A = Elapsed time spent in this place.
 B = Non-inter-level travel time spent in this place.
 C = Inter-level travel time spent in this place.
 D = Time resting spent in this place.
 E = Time spent auto-exploring this place.
 F = Levels seen in this place.
 G = Mean time per level.
                   A        B        C        D        E       F      G
               +--------+--------+--------+--------+--------+-----+--------+
         Total |   4184 |   4125 |     59 |   1241 |   2182 |   3 | 1394.7 |
       Dungeon |   4184 |   4125 |     59 |   1241 |   2182 |   3 | 1394.7 |
               +--------+--------+--------+--------+--------+-----+--------+

Top non-repeatable levels by time:
     D:2: 2269 daAuts
     D:1: 1705 daAuts
     D:3: 209 daAuts
